 Dungeon Crawl Stone Soup version 0.27-a0-67-g4bfc8a49e1 (webtiles) character file.

Game seed: 7890937711712178023

36 Borgoz the Cutter (level 3, 0/24 HPs)
             Began as a Halfling Gladiator on Jan 9, 2021.
             Succumbed to an adder's poison
             ... on level 2 of the Dungeon.
             The game lasted 00:01:35 (885 turns).

Borgoz the Cutter (Halfling Gladiator)               Turns: 885, Time: 00:01:36

Health: 0/24       AC:  4    Str: 16    XL:     3   Next: 57%
Magic:  3/3        EV: 16    Int:  6    God:
Gold:   53         SH:  0    Dex: 15    Spells: 2/2 levels left

rFire    . . .     SeeInvis .   a - +0 rapier
rCold    + . .     Faith    .   (shield restricted)
rNeg     . . .     Spirit   .   b - +0 leather armour
rPois    .         Reflect  .   c - +0 helmet
rElec    .         Harm     .   (no cloak)
rCorr    .         Rampage  .   (no gloves)
Will     .....                  (no boots)
Stlth    ++........             (no amulet)
HPRegen  0.08/turn              k - ring of protection from cold
MPRegen  0.08/turn              (no ring)

@: lethally poisoned (0 -> -2), hasted, very quick
A: small, mutation resistance 1
a: no special abilities


You were on level 2 of the Dungeon.
You visited 1 branch of the dungeon, and saw 2 of its levels.

You collected 53 gold pieces.

Inventory:

Hand Weapons
 a - a +0 rapier (weapon)
Missiles
 d - 3 throwing nets (quivered)
Armour
 b - a +0 leather armour (worn)
 c - a +0 helmet (worn)
Jewellery
 k - a ring of protection from cold (left hand)
 l - a +4 ring of evasion {unknown}
Scrolls
 e - 2 scrolls of identify {unknown}
 f - 2 scrolls of remove curse {unknown}
 g - a scroll of enchant weapon {unknown}
 h - a scroll of blinking {unknown}
 j - a scroll of fog {unknown}


   Skills:
 + Level 2.1 Fighting
 + Level 4.0 Short Blades
 - Level 2.0 Throwing
 + Level 1.0 Armour
 * Level 3.8 Dodging
 + Level 1.1 Stealth


You had 2 spell levels left.
You didn't know any spells.
Your spell library was empty.

Dungeon Overview and Level Annotations

Branches:
Dungeon (2/15)

Altars:


Innate Abilities, Weirdness & Mutations

You are small and have problems with some larger weapons.
You are somewhat resistant to further mutation.


Message History

You feel sick.
* * * LOW HITPOINT WARNING * * *
You feel sick.
A goblin comes into view.
* * * LOW HITPOINT WARNING * * *
You feel sick.
You are starting to lose your buoyancy.
Found a stone staircase leading down.
An adder comes into view.
The helpless goblin fails to defend itself.
You puncture the goblin!
You kill the goblin!
* * * LOW HITPOINT WARNING * * *
You feel sick.
Found a hunting sling.
You float gracefully downwards.
The adder hisses angrily.
You miss the adder. The adder barely misses you.
You closely miss the adder.
You die...

##.# .#
#.###.####
#........#
#........#
#........#
#........#
#........#
#........#
#@>......#
#S.......#
#........#
#........#
##########


You could see an adder.

Vanquished Creatures
  An adder (D:2)
  A dart slug (D:1)
  6 bats
  A giant cockroach (D:1)
  3 goblins
  4 hobgoblins
  A ball python (D:1)
  A frilled lizard (D:1)
  5 kobolds (D:1)
  2 rats (D:1)
25 creatures vanquished.

Notes
Turn   | Place    | Note
-------+----------+-------------------------------------------
     0 | D:1      | Borgoz the Halfling Gladiator began the quest for the Orb.
     0 | D:1      | Reached XP level 1. HP: 14/14 MP: 1/1
    97 | D:1      | Reached XP level 2. HP: 19/19 MP: 2/2
   668 | D:1      | Reached XP level 3. HP: 23/24 MP: 3/3
   844 | D:2      | Reached skill level 4 in Short Blades
   844 | D:2      | Reached skill level 1 in Stealth
   858 | D:2      | Reached skill level 1 in Armour
   878 | D:2      | HP: 1/24 [poisoned by an adder]
   885 | D:2      | Succumbed to an adder's poison

Illustrated notes

Levels and vault maps discovered:
D:1:      matt_arrival_grand_opening, layout_loops_ring, minmay_misc_feat_five
D:2:      layout_rooms, palyth_stone_intersect, dk_noncrumbling_3, uniq_jessica

Skill      XL: |  1  2  3 |
---------------+----------+-----
Fighting       | 2 |  2.1
Short Blades   | 4 |  4.0
Stealth        | 1 |  1.1
Armour         | 1 |  1.0
Throwing       | |  2.0
Dodging        | |  3.8

Action                   || total
-------------------------++-------
Melee: Rapier            ||    76
  Use: Potion            ||     2
 Stab: Sleeping          ||     1
Armor: Leather armour    ||    20
Dodge: Dodged            ||    64

Table legend: (Time is in decaauts)
 A = Elapsed time spent in this place.
 B = Non-inter-level travel time spent in this place.
 C = Inter-level travel time spent in this place.
 D = Time resting spent in this place.
 E = Time spent auto-exploring this place.
 F = Levels seen in this place.
 G = Mean time per level.
                   A        B        C        D        E       F      G
               +--------+--------+--------+--------+--------+-----+--------+
         Total |    871 |    810 |     61 |      0 |    648 |   2 |  435.5 |
       Dungeon |    871 |    810 |     61 |      0 |    648 |   2 |  435.5 |
               +--------+--------+--------+--------+--------+-----+--------+

Top non-repeatable levels by time:
     D:1: 814 daAuts
     D:2: 57 daAuts
